Map: Yellowjacket

Players

Mirekus

  • Race: Terran Terran
  • League: Gold
  • Spawn Location: 1:00

Ersmajo

  • Race: Protoss Protoss
  • League: Silver
  • Spawn Location: 3:00

Nitrate - Winner!

  • Race: Protoss Protoss
  • League: Gold
  • Spawn Location: 7:00

Вагнер - Winner!

  • Race: Protoss Protoss
  • Spawn Location: 9:00

VOD

Have the link to the VOD?

Description

Time

  • Played on: Feb. 26, 2026, 1:29 p.m.
  • Length: 5:13
Show
View Real Time Build Order
Export as new Build Order

Mirekus Terran 

Build Orders:  

Get SALT Encoding   

  12  0:00  SCV  
  13  0:13  SCV  
  14  0:25  Supply Depot  
  14  0:28  SCV  
  15  0:39  Refinery  
  15  0:55  Barracks  
  15  1:29  SCV  
  16  1:41  SCV  
  17  1:47  Barracks Reactor  
  17  1:53  SCV  
  17  1:54  Bunker  
  18  2:05  SCV  
  19  2:15  Refinery  
  19  2:17  SCV  
  20  2:29  SCV  
  21  2:37  Marine x2  
  23  2:46  Factory  
  23  2:51  Orbital Command  
  23  3:36  Supply Depot  
  23  3:56  Factory Tech Lab  
  23  3:57  Marine x2  
  25  4:15  Starport  
  25  4:27  Siege Tank  
Show
View Real Time Build Order
Export as new Build Order

Ersmajo Protoss 

Build Orders:  

Get SALT Encoding   

  1  0:00  Probe  
  13  0:23  Pylon  
  13  0:31  Probe  
  14  0:47  Forge  
  14  0:48  Probe  
  15  0:52  Pylon  
  15  1:00  Probe  
  16  1:23  Photon Cannon  
  16  1:27  Probe  
  17  1:35  Probe  
  17  1:37  Pylon  
  18  1:45  Probe  
  18  2:19  Probe, Gateway  
  18  2:22  Assimilator  
  18  2:26  Assimilator  
  18  2:27  Probe  
  19  2:44  Gateway  
  19  2:57  Probe  
  20  3:09  Probe  
  20  3:11  Gateway  
  21  3:31  Nexus  
  21  3:40  Pylon  
  21  3:44  Zealot x2  
  21  3:46  Pylon  
  25  4:01  Gateway  
  25  4:06  Pylon  
  25  4:07  Probe  
  26  4:11  Zealot  
  28  4:19  Probe  
  28  4:29  Photon Cannon  
  28  4:31  Probe  
  29  4:32  Zealot  
  29  4:40  Zealot  
  29  4:59  Photon Cannon  
Show
View Real Time Build Order
Export as new Build Order

Nitrate Protoss - Winner!

Build Orders: 1 Gate Expand 

Get SALT Encoding   

  12  0:00  Probe  
  13  0:12  Probe  
  14  0:17  Pylon  
  14  0:24  Probe  
  15  0:32  Probe  
  15  0:40  Probe  
  15  0:41  Gateway  
  16  0:48  Assimilator  
  17  0:52  Probe  
  18  1:04  Probe  
  19  1:21  Probe  
  19  1:37  Cybernetics Core  
  19  1:38  Nexus  
  19  1:55  Warp Gate  
  19  1:56  Assimilator  
  19  2:05  Pylon  
  19  2:13  Stalker  
  21  2:23  Probe  
  22  2:38  Probe  
  22  2:41  Stalker  
  22  2:42  Gateway  
  23  2:50  Probe  
  26  2:57  Probe  
  27  3:02  Probe  
  28  3:06  Pylon  
  28  3:10  Probe  
  28  3:12  Stalker  
  29  3:14  Probe  
  32  3:32  Probe x2, Twilight Council  
  34  3:44  Probe  
  34  3:45  Probe  
  34  3:47  Stalker  
  38  3:50  Stalker  
  40  4:01  Forge  
  40  4:03  Assimilator  
  40  4:05  Pylon  
  40  4:11  Probe  
  39  4:57  Stalker x2  
Show
View Real Time Build Order
Export as new Build Order

Вагнер Protoss - Winner!

Build Orders:  

Get SALT Encoding   

  1  0:00  Probe  
  12  0:05  Probe  
  14  0:14  Probe  
  15  0:24  Pylon  
  15  0:30  Assimilator  
  16  0:42  Probe  
  16  0:45  Gateway  
  16  0:55  Probe  
  17  0:57  Assimilator  
  17  1:03  Probe  
  18  1:11  Probe  
  18  1:15  Gateway  
  19  1:21  Probe  
  20  1:31  Pylon  
  20  1:36  Probe  
  21  1:48  Zealot  
  20  2:06  Zealot  
  20  2:11  Zealot  
  24  2:25  Cybernetics Core  
  24  2:49  Zealot  
  26  2:53  Probe  
  27  3:04  Probe  
  28  3:08  Robotics Facility  
  28  3:12  Probe  
  28  3:13  Forge  
  29  3:25  Probe  
  30  3:49  Nexus  
  30  4:05  Twilight Council  
  30  4:07  Pylon  
  30  4:37  Stalker  
  30  4:41  Zealot  
Tags
 
Add a new tag
Caveats
  • Supply blocks, unpowered buildings, or Contaminate may cause inaccurate times.
  • Supply counts are checked every 10 seconds.